 Dungeon Crawl Stone Soup version 0.29-a0-187-ga23d9638d5 (webtiles) character file.

Game seed: 4776858798840115211

20112 YayAnonymity the Spear-Bearer (level 12, -4/97 HPs)
             Began as a Gnoll Berserker on Feb 21, 2022.
             Was the Champion of Trog.
             Slain by a six-headed hydra (7 damage)
             ... on level 12 of the Dungeon.
             The game lasted 00:33:34 (12077 turns).

YayAnonymity the Spear-Bearer (Gnoll Berserker)    Turns: 12077, Time: 00:33:34

Health: -4/97      AC: 18    Str: 20    XL:     12   Next: 76%
Magic:  23/23      EV: 14    Int:  6    God:    Trog [******]
Gold:   775        SH: 11    Dex: 17    Spells: 26/26 levels left

rFire   + . .      SeeInvis +   b - +10 rapier "Matratae" {flame, rF+ Dex+3 SInv}
rCold   . . .      Faith    .   D - +0 kite shield
rNeg    . . .      Spirit   .   c - +3 ring mail {Will+}
rPois   +          Reflect  .   j - +0 helmet
rElec   .          Harm     .   y - +2 cloak {rPois}
rCorr   .          Rampage  .   (no gloves)
Will    +....                   (no boots)
Stlth   +++.......              r - amulet of regeneration
HPRegen 1.06/turn               q - ring of flight
MPRegen 0.18/turn               F - +4 ring of protection

@: flying
A: fangs 1, strong nose, distributed training
a: Renounce Religion, Berserk, Trog's Hand, Brothers in Arms


You were on level 12 of the Dungeon.
You worshipped Trog.
Trog was exalted by your worship.
You visited 2 branches of the dungeon, and saw 13 of its levels.
You also visited: Bailey.

You collected 827 gold pieces.
You spent 52 gold pieces at shops.

Inventory:

Hand Weapons
 a - a +4 spear of venom
 b - the +10 rapier "Matratae" (weapon) {flame, rF+ Dex+3 SInv}
   (You found it in a bailey)

   It burns those it strikes, dealing additional fire damage.
   Dex:       It affects your dexterity (+3).
   rF:        It protects you from fire.
   SInv:      It lets you see invisible.
 G - a +3 vorpal great sword
 L - a +5 war axe
Missiles
 k - 6 silver javelins
 s - 6 curare-tipped darts
 u - 13 throwing nets
 v - 32 poisoned darts (quivered)
 A - 3 atropa-tipped darts
Armour
 c - a +3 ring mail of willpower (worn)
 j - a +0 helmet (worn)
 y - a +2 cloak of poison resistance (worn)
 D - a +0 kite shield (worn)
Jewellery
 q - a ring of flight (left hand)
 r - an amulet of regeneration (around neck)
 F - a +4 ring of protection (right hand)
Wands
 m - a wand of digging (7)
 z - a wand of acid (1)
 B - a wand of flame (17)
 C - a wand of iceblast (14)
Scrolls
 h - a scroll of enchant armour
 l - a scroll of silence
 n - a scroll of identify
 o - a scroll of vulnerability
 w - 6 scrolls of teleportation
 x - 5 scrolls of blinking
 H - a scroll of fog
 J - 2 scrolls of magic mapping
Potions
 d - a potion of lignification
 e - a potion of ambrosia
 f - 2 potions of heal wounds
 g - 2 potions of resistance
 i - 8 potions of curing
 p - 6 potions of attraction
 t - 3 potions of mutation
 E - 3 potions of might
 I - a potion of berserk rage
 K - 2 potions of magic


   Skills:
 + Level 10.1 Fighting
 + Level 7.6 Short Blades
 + Level 7.6 Long Blades
 + Level 7.6 Axes
 + Level 7.6 Maces & Flails
 + Level 10.1 Polearms
 + Level 7.6 Staves
 + Level 7.6 Slings
 + Level 7.6 Bows
 + Level 7.6 Crossbows
 + Level 7.6 Throwing
 + Level 9.0 Armour
 + Level 9.0 Dodging
 + Level 7.6 Stealth
 + Level 7.6 Shields
 + Level 7.6 Unarmed Combat
 + Level 7.6 Spellcasting
 + Level 6.3 Conjurations
 + Level 6.3 Hexes
 + Level 6.3 Summonings
 + Level 6.3 Necromancy
 + Level 6.3 Translocations
 + Level 6.3 Transmutations
 + Level 6.3 Fire Magic
 + Level 6.3 Ice Magic
 + Level 6.3 Air Magic
 + Level 6.3 Earth Magic
 + Level 6.3 Poison Magic
 + Level 8.3 Invocations
 + Level 7.6 Evocations


You had 26 spell levels left.
You didn't know any spells.
Your spell library was empty.

Dungeon Overview and Level Annotations

Branches:
Dungeon (12/15)            Temple (1/1) D:6            Lair (0/6) D:11
    Orc (0/2) D:9          Bailey (visited)

Altars:
Ashenzari
Cheibriados
Dithmenos
Elyvilon
Fedhas
Gozag
Hepliaklqana
Kikubaaqudgha
Makhleb
Nemelex Xobeh
Okawaru
Qazlal
Ru
Sif Muna
Trog
Uskayaw
Vehumet
Wu Jian
Xom
Yredelemnul
Zin
The Shining One

Shops:
D:7 ?*   D:8 [

Annotations:
D:11 3 runed translucent doors, siradein's ghost, journeyman TrFi


Innate Abilities, Weirdness & Mutations

You have very sharp teeth.
Your uncanny sense of smell can sniff out nearby items.
Your experience applies equally to all skills.


Message History

You block the six-headed hydra's attack. x2
The six-headed hydra bites you but does no damage.
You puncture the six-headed hydra! You burn the six-headed hydra.
The six-headed hydra is heavily wounded.
You block the six-headed hydra's attack.
The six-headed hydra bites you but does no damage.
The six-headed hydra closely misses you.
The six-headed hydra bites you!
The six-headed hydra completely misses you.
The six-headed hydra bites you but does no damage.
You puncture the six-headed hydra! You burn the six-headed hydra.
The six-headed hydra is severely wounded.
The six-headed hydra bites you but does no damage. x2
You block the six-headed hydra's attack.
The six-headed hydra bites you.
The six-headed hydra closely misses you. x2
You hit the six-headed hydra. You burn the six-headed hydra.
You bite the six-headed hydra, but do no damage.
The six-headed hydra is severely wounded.
You block the six-headed hydra's attack.
The six-headed hydra bites you.
The six-headed hydra bites you but does no damage. x3
You block the six-headed hydra's attack.
You hit the six-headed hydra. You burn the six-headed hydra.
The six-headed hydra is severely wounded.
The six-headed hydra bites you but does no damage. x2
You block the six-headed hydra's attack.
The six-headed hydra bites you but does no damage. x2
You block the six-headed hydra's attack.
You hit the six-headed hydra. You burn the six-headed hydra.
The six-headed hydra is almost dead.
The six-headed hydra bites you!
* * * LOW HITPOINT WARNING * * *
The six-headed hydra bites you!
* * * LOW HITPOINT WARNING * * *
The six-headed hydra misses you. The six-headed hydra bites you!
* * * LOW HITPOINT WARNING * * *
You block the six-headed hydra's attack.
The six-headed hydra bites you!
You die...

##+## .# ##...## #.#
##.....## ###..#
##.......## ##.#.#
##.........####....#
.'.........'.......#
##......<..####....#
##.......##
##.#.##### ##.....##
#.@D.....# ##...##
#.#(..##.# ##+## #.
...# #. ...# #.
..... ## #.#### .#
.#


You could see a six-headed hydra.

Vanquished Creatures
  A hydra (D:8)
  A boulder beetle (D:12)
  2 two-headed ogres
  A tengu warrior (D:10)
  A skeletal warrior (D:8)
  A deep elf pyromancer (D:12)
  2 orc knights (Bailey)
  3 cyclopes
  A manticore (D:10)
  2 ugly things
  Maggie (D:7)
  Psyche (D:8)
  2 kobold demonologists (D:10)
  An unseen horror (D:10)
  2 komodo dragons (D:11)
  A tengu conjurer (D:8)
  A troll (D:9)
  3 slime creatures
  2 wyverns
  A vampire (D:9)
  A basilisk (D:11)
  A water elemental (D:11)
  A shadow (D:12)
  19 yaks
  Grum (D:9)
  A vampire mosquito (D:7)
  2 steam dragons
  An acid dragon (D:8)
  2 water moccasins
  A hornet zombie (D:8)
  8 orc warriors
  A sky beast (D:8)
  3 ogres
  3 wolves
  A necrophage (D:8)
  A centaur (D:8)
  2 phantoms
  7 kobold brigands
  3 bullfrogs
  6 gnoll sergeants
  2 wyvern zombies (D:6)
  A scorpion (D:7)
  A wyvern skeleton (D:5)
  A water moccasin skeleton (D:4)
  7 killer bees
  A wight (D:8)
  4 electric eels (D:11)
  3 howler monkeys (D:8)
  4 centaur zombies
  An orc priest (D:11)
  4 gnoll shamans (D:7)
  2 bullfrog skeletons
  8 hounds
  2 centaur skeletons
  4 iguanas
  Natasha (thrice) (D:3)
  4 orc wizards
  3 hound skeletons
  A howler monkey zombie (D:9)
  42 gnolls
  7 adders
  2 shadow imps
  3 ufetubi
  6 dart slugs
  30 orcs
  5 ball pythons
  6 endoplasms
  4 giant cockroaches
  13 goblins
  6 hobgoblins
  4 jackals (D:7)
  5 quokkas
  7 bats
  3 frilled lizards
  38 kobolds
  8 rats
340 creatures vanquished.

Vanquished Creatures (others)
  A jackal (D:7)
  4 plants (D:11)
5 creatures vanquished.

Grand Total: 345 creatures vanquished

Notes
Turn   | Place    | Note
-------+----------+-------------------------------------------
     0 | D:1      | YayAnonymity the Gnoll Berserker began the quest for the
                  | Orb.
     0 | D:1      | Reached XP level 1. HP: 23/23 MP: 1/1
   105 | D:1      | Found a faded altar of an unknown god.
   232 | D:1      | Reached XP level 2. HP: 29/29 MP: 2/2
   535 | D:1      | Reached XP level 3. HP: 34/35 MP: 3/3
   556 | D:1      | Reached ** piety under Trog
   877 | D:1      | Reached skill level 1 in Invocations
   949 | D:2      | Reached skill level 1 in Short Blades
   949 | D:2      | Reached skill level 1 in Long Blades
   949 | D:2      | Reached skill level 1 in Axes
   949 | D:2      | Reached skill level 1 in Maces & Flails
   949 | D:2      | Reached skill level 1 in Staves
   949 | D:2      | Reached skill level 1 in Slings
   949 | D:2      | Reached skill level 1 in Bows
   949 | D:2      | Reached skill level 1 in Crossbows
   949 | D:2      | Reached skill level 1 in Throwing
   949 | D:2      | Reached skill level 1 in Stealth
   949 | D:2      | Reached skill level 1 in Shields
   949 | D:2      | Reached skill level 1 in Unarmed Combat
   949 | D:2      | Reached skill level 1 in Spellcasting
   949 | D:2      | Reached skill level 1 in Evocations
  1119 | D:2      | Reached XP level 4. HP: 40/41 MP: 5/5
  1816 | D:3      | Reached skill level 1 in Conjurations
  1816 | D:3      | Reached skill level 1 in Hexes
  1816 | D:3      | Reached skill level 1 in Summonings
  1816 | D:3      | Reached skill level 1 in Necromancy
  1816 | D:3      | Reached skill level 1 in Translocations
  1816 | D:3      | Reached skill level 1 in Transmutations
  1816 | D:3      | Reached skill level 1 in Fire Magic
  1816 | D:3      | Reached skill level 1 in Ice Magic
  1816 | D:3      | Reached skill level 1 in Air Magic
  1816 | D:3      | Reached skill level 1 in Earth Magic
  1816 | D:3      | Reached skill level 1 in Poison Magic
  1908 | D:3      | Found a snail-covered altar of Cheibriados.
  1910 | D:3      | Noticed Natasha
  1927 | D:3      | Killed Natasha
  1928 | D:3      | Reached XP level 5. HP: 18/47 MP: 5/7
  2168 | D:3      | Reached *** piety under Trog
  2185 | D:3      | Noticed Natasha
  2193 | D:3      | Found an ancient bone altar of Kikubaaqudgha.
  2199 | D:3      | Killed Natasha
  2392 | D:3      | Noticed Natasha
  2405 | D:3      | Killed Natasha
  2550 | D:3      | Found a white marble altar of Elyvilon.
  2655 | D:4      | Reached XP level 6. HP: 44/53 MP: 8/8
  2796 | D:4      | Reached skill level 5 in Armour
  2796 | D:4      | Reached skill level 5 in Dodging
  3144 | D:4      | Reached XP level 7. HP: 56/59 MP: 10/10
  3350 | D:5      | Entered Level 5 of the Dungeon
  4670 | D:5      | Found a hazy altar of Hepliaklqana.
  4817 | D:5      | Reached XP level 8. HP: 67/67 MP: 12/12
  4928 | D:6      | Found a staircase to the Ecumenical Temple.
  4936 | Temple   | Entered the Ecumenical Temple
  5114 | D:6      | Found a shadowy altar of Dithmenos.
  5453 | D:6      | Found a bloodstained altar of Trog.
  5485 | D:6      | Found a hide-covered altar of Uskayaw.
  5490 | D:6      | Found a sacrificial altar of Ru.
  5498 | D:6      | Found a glowing silver altar of Zin.
  5502 | D:6      | Found an ornate altar of the Wu Jian Council.
  5508 | D:6      | Found an iron altar of Okawaru.
  5512 | D:6      | Found a basalt altar of Yredelemnul.
  5546 | D:6      | Reached **** piety under Trog
  5849 | D:7      | Reached XP level 9. HP: 72/72 MP: 14/14
  5850 | D:7      | Noticed Maggie
  5871 | D:7      | Killed Maggie
  6163 | D:7      | Found a flagged portal.
  6176 | Bailey   | Entered a bailey
  6318 | Bailey   | Reached skill level 5 in Invocations
  6355 | Bailey   | Noticed an orc knight
  6356 | Bailey   | Noticed an orc knight
  6426 | Bailey   | Killed an orc knight
  6427 | Bailey   | Reached XP level 10. HP: 56/80 MP: 15/17
  6520 | Bailey   | Killed an orc knight
  6521 | Bailey   | Reached skill level 5 in Short Blades
  6521 | Bailey   | Reached skill level 5 in Long Blades
  6521 | Bailey   | Reached skill level 5 in Axes
  6521 | Bailey   | Reached skill level 5 in Maces & Flails
  6521 | Bailey   | Reached skill level 5 in Staves
  6521 | Bailey   | Reached skill level 5 in Slings
  6521 | Bailey   | Reached skill level 5 in Bows
  6521 | Bailey   | Reached skill level 5 in Crossbows
  6521 | Bailey   | Reached skill level 5 in Throwing
  6521 | Bailey   | Reached skill level 5 in Stealth
  6521 | Bailey   | Reached skill level 5 in Shields
  6521 | Bailey   | Reached skill level 5 in Unarmed Combat
  6521 | Bailey   | Reached skill level 5 in Spellcasting
  6521 | Bailey   | Reached skill level 5 in Evocations
  6582 | Bailey   | Identified the +10 rapier "Matratae" {flame, rF+ Dex+3
                  | SInv}
  6761 | D:7      | Found Bosock's Magic Scroll Boutique.
  6769 | D:7      | Bought a scroll of identify for 26 gold pieces
  6769 | D:7      | Bought a scroll of identify for 26 gold pieces
  6822 | D:7      | Found Qeheaw's Gadget Gallery.
  7463 | D:8      | Reached ***** piety under Trog
  7506 | D:8      | Found Nuannirch's Armour Shop.
  7593 | D:8      | Noticed a cyan ugly thing
  7594 | D:8      | Noticed a skeletal warrior
  7604 | D:8      | Noticed a two-headed ogre
  7626 | D:8      | Noticed a five-headed hydra
  7924 | D:8      | Killed a five-headed hydra
  7925 | D:8      | Reached XP level 11. HP: 62/87 MP: 19/19
  7928 | D:8      | Noticed a cyclops
  7932 | D:8      | Killed a skeletal warrior
  7933 | D:8      | Reached skill level 5 in Conjurations
  7933 | D:8      | Reached skill level 5 in Hexes
  7933 | D:8      | Reached skill level 5 in Summonings
  7933 | D:8      | Reached skill level 5 in Necromancy
  7933 | D:8      | Reached skill level 5 in Translocations
  7933 | D:8      | Reached skill level 5 in Transmutations
  7933 | D:8      | Reached skill level 5 in Fire Magic
  7933 | D:8      | Reached skill level 5 in Ice Magic
  7933 | D:8      | Reached skill level 5 in Air Magic
  7933 | D:8      | Reached skill level 5 in Earth Magic
  7933 | D:8      | Reached skill level 5 in Poison Magic
  7942 | D:8      | Killed a cyclops
  8030 | D:8      | Killed a two-headed ogre
  8130 | D:8      | Killed a cyan ugly thing
  8185 | D:8      | Noticed a cyclops
  8191 | D:8      | Killed a cyclops
  8207 | D:8      | Identified the +9 rapier of Brawling {flame, rF+ rC- Str+2
                  | Int+3}
  8518 | D:9      | Noticed Psyche
  8547 | D:8      | Killed Psyche
  8561 | D:9      | Found a staircase to the Orcish Mines.
  8859 | D:9      | Noticed Grum
  8868 | D:9      | Killed Grum
  9021 | D:9      | Found a sparkling altar of Nemelex Xobeh.
  9467 | D:10     | Entered Level 10 of the Dungeon
  9672 | D:10     | Noticed a tengu warrior
  9690 | D:10     | Killed a tengu warrior
  9691 | D:10     | Reached XP level 12. HP: 64/96 MP: 22/22
 10522 | D:11     | Noticed a two-headed ogre
 10533 | D:11     | Killed a two-headed ogre
 10693 | D:11     | Found the ring of the Mage {Wiz Archmagi}
 10834 | D:11     | Found a staircase to the Lair.
 11015 | D:11     | Found a runed translucent gate.
 11015 | D:11     | Found a runed translucent gate.
 11016 | D:11     | Found a runed translucent gate.
 11282 | D:11     | Reached ****** piety under Trog
 11397 | D:11     | Received a gift from Trog
 11628 | D:11     | Noticed siradein's ghost (journeyman TrFi)
 11698 | D:12     | Noticed a boulder beetle
 11916 | D:12     | Reached skill level 10 in Fighting
 11916 | D:12     | Reached skill level 10 in Polearms
 11988 | D:12     | Killed a boulder beetle
 12067 | D:12     | Noticed a six-headed hydra
 12077 | D:12     | HP: 3/97 [six-headed hydra (8)]
 12077 | D:12     | Slain by a six-headed hydra

Illustrated notes

Levels and vault maps discovered:
D:1:      roderic_chinese_lattice_arrival, layout_basic, basic_ecumenical_altar
D:2:      layout_loops_ring
D:3:      layout_rooms, mainiacjoe_overflow_concentric_impassable,
          nicolae_elyvilon_temple_path, kiku_gazebo_pond_becter,
          minmay_fractal_squares_5, uniq_natasha
D:4:      layout_rooms, nicolae_grassy_gnolls
D:5:      layout_layer_cave, nzn_hepliaklqana_mist_gate
D:6:      layout_basic, nicolae_overflow_crystal_walls,
          grunt_temple_overflow_octagram, minmay_temple_entry_grid
D:7:      layout_cave_pools, serial_gnoll_camp, gnoll_camp_medium_02,
          gnoll_camp_huts_basic, gnoll_camp_mini_hut, gnoll_camp_mini_shop,
          gnoll_camp_mini_loothouse, gnoll_camp_medium_01, enter_bailey_3,
          nicolae_shop_gadgets, uniq_maggie
D:8:      minmay_bloctagon, layout_gridville, serial_shops,
          nicolae_shop_window_shopping, kennysheep_just_a_vault
D:9:      layout_stronghold, nemelex_xobeh_ov_fountains_minmay, david_orc_2,
          uniq_psyche, uniq_grum
D:10:     layout_loops_ring
D:11:     layout_stronghold, erik_lair_dragon, gammafunk_ghost_spectres,
          serial_bayou_lagoon_b
D:12:     layout_loops_corners, serial_shops, nicolae_shop_stone, minmay_holes,
          uniq_snorg
Temple:   kb_temple_of_zot

Skill      XL: |  1  2  3  4  5  6  7  8  9 10 11 12 |
---------------+-------------------------------------+-----
Invocations    | 1 2 3 4 5 6 7 8 |  8.3
Short Blades   | 1 2 3 4 5 6 7 |  7.6
Long Blades    | 1 2 3 4 5 6 7 |  7.6
Axes           | 1 2 3 4 5 6 7 |  7.6
Maces & Flails | 1 2 3 4 5 6 7 |  7.6
Staves         | 1 2 3 4 5 6 7 |  7.6
Slings         | 1 2 3 4 5 6 7 |  7.6
Bows           | 1 2 3 4 5 6 7 |  7.6
Crossbows      | 1 2 3 4 5 6 7 |  7.6
Throwing       | 1 2 3 4 5 6 7 |  7.6
Stealth        | 1 2 3 4 5 6 7 |  7.6
Shields        | 1 2 3 4 5 6 7 |  7.6
Unarmed Combat | 1 2 3 4 5 6 7 |  7.6
Spellcasting   | 1 2 3 4 5 6 7 |  7.6
Evocations     | 1 2 3 4 5 6 7 |  7.6
Conjurations   | 1 2 3 4 5 6 |  6.3
Hexes          | 1 2 3 4 5 6 |  6.3
Summonings     | 1 2 3 4 5 6 |  6.3
Necromancy     | 1 2 3 4 5 6 |  6.3
Translocations | 1 2 3 4 5 6 |  6.3
Transmutations | 1 2 3 4 5 6 |  6.3
Fire Magic     | 1 2 3 4 5 6 |  6.3
Ice Magic      | 1 2 3 4 5 6 |  6.3
Air Magic      | 1 2 3 4 5 6 |  6.3
Earth Magic    | 1 2 3 4 5 6 |  6.3
Poison Magic   | 1 2 3 4 5 6 |  6.3
Armour         | 5 6 7 8 9 |  9.0
Dodging        | 5 6 7 8 9 |  9.0
Fighting       | 7 8 9 10 | 10.1
Polearms       | 7 8 9 10 | 10.1

Action                   |  1- 3 |  4- 6 |  7- 9 | 10-12 || total
-------------------------+-------+-------+-------+-------++-------
Melee: Spear             |   146 |    32 |   291 |    27 ||   496
       Bite              |     5 |    28 |    43 |    72 ||   148
       Punch             |     1 |     8 |    12 |       ||    21
       Dagger            |       |   171 |   119 |       ||   290
       Whip              |       |       |    37 |       ||    37
       Rapier            |       |       |       |   571 ||   571
Throw: Dart              |       |       |       |     9 ||     9
       Javelin           |       |       |       |     1 ||     1
Invok: Berserk           |       |     2 |     7 |    10 ||    19
  Use: Scroll            |       |       |    11 |    12 ||    23
       Potion            |       |       |       |     1 ||     1
 Stab: Sleeping          |       |       |     3 |     5 ||     8
       Distracted        |       |       |     1 |       ||     1
Armor: Ring mail         |    45 |    75 |   138 |   246 ||   504
Dodge: Dodged            |    68 |   120 |   227 |   337 ||   752
Block: Kite shield       |       |       |       |   318 ||   318

Table legend: (Time is in decaauts)
 A = Elapsed time spent in this place.
 B = Non-inter-level travel time spent in this place.
 C = Inter-level travel time spent in this place.
 D = Time resting spent in this place.
 E = Time spent auto-exploring this place.
 F = Levels seen in this place.
 G = Mean time per level.
                   A        B        C        D        E       F      G
               +--------+--------+--------+--------+--------+-----+--------+
         Total |  12110 |  11071 |   1039 |    520 |   6592 |  14 |  865.0 |
       Dungeon |  11474 |  10443 |   1031 |    460 |   6281 |  12 |  956.2 |
        Temple |    100 |     92 |      8 |      0 |     83 |   1 |  100.0 |
        Bailey |    536 |    536 |      0 |     60 |    228 |   1 |  536.0 |
               +--------+--------+--------+--------+--------+-----+--------+

Top non-repeatable levels by time:
     D:5: 1353 daAuts
    D:11: 1255 daAuts
     D:8: 1138 daAuts
     D:9: 1076 daAuts
     D:7: 1046 daAuts
    D:10: 990 daAuts
     D:3: 986 daAuts
     D:1: 890 daAuts
     D:6: 890 daAuts
     D:2: 811 daAuts
     D:4: 759 daAuts
  Bailey: 536 daAuts
    D:12: 274 daAuts
  Temple: 100 daAuts
